 Dungeon Sprint DCSS version 0.21-a0-400-g417d9d2 (webtiles) character file.

1596 Amnesiac the Geomancer (level 8, -10/52 HPs)
             Began as a Demonspawn Earth Elementalist on Oct 20, 2017.
             Was a Follower of Dithmenos.
             Shot with an arrow by a centaur warrior (16 damage)
             ... in the Dungeon (Sprint I: "Red Sonja").
             The game lasted 00:04:56 (755 turns).

Amnesiac the Geomancer (DsEE)                        Turns: 755, Time: 00:04:57

Health: -10/52     AC:  6    Str:  9    XL:     8   Next: 62%
Magic:  14/20      EV: 12    Int: 16    God:    Dithmenos [*.....]
Gold:   121        SH:  0    Dex: 16    Spells: 11/23 levels left

rFire    . . .     SeeInvis .   m - +0 short sword (distort)
rCold    . . .     Gourm    .   (no shield)
rNeg     + + .     Faith    .   c - +0 robe
rPois    .         Spirit   .   (helmet restricted)
rElec    .         Reflect  .   (no cloak)
rCorr    .         Harm     .   (no gloves)
MR       .....     NoTele   +   p - +1 pair of boots of Disguise {rN++}
Stlth    ++++++....             (no amulet)
HPRegen  0.17/turn              (no ring)
MPRegen  0.17/turn              (no ring)

@: wreathed by umbra
A: antennae 1, slimy green scales 1, demonic guardian 2, powered by death 2
a: Renounce Religion


You were in the Dungeon.
You worshipped Dithmenos.
Dithmenos was aware of your devotion.
You were not hungry.

You visited 1 branch You collected 685 gold pieces.
You spent 564 gold pieces at shops.

Inventory:

Hand Weapons
 m - a +0 short sword of distortion (weapon)
Missiles
 b - 6 stones (quivered)
 l - 9 curare-tipped needles
Armour
 a - a +1 ring mail of fire resistance
 c - a +0 robe (worn)
 p - the +1 pair of boots of Disguise (worn) {rN++}
   (You bought it in a shop in the Dungeon)

   It greatly protects you from negative energy.
Scrolls
 i - a scroll of recharging {!r, unknown}
 j - a scroll of blinking {!r}
 o - a scroll of enchant weapon {!r, unknown}
Potions
 g - a potion of haste {!q}
 h - 2 potions of magic {!q}
Books
 k - a book of Geomancy

   Spells                             Type                      Level
   a - Sandblast                      Earth                        1
   b - Passwall                       Transmutation/Earth          2
   c - Stone Arrow                    Conjuration/Earth            3
   d - Petrify                        Transmutation/Earth          4
   e - Lee's Rapid Deconstruction     Earth                        5
Comestibles
 d - 2 bread rations
 n - a fruit


   Skills:
 * Level 5.0 Short Blades
 - Level 1.7 Dodging
 - Level 10.3 Stealth
   Level 3.7 Shields
 - Level 8.0 Spellcasting
 - Level 0.8 Transmutations
 + Level 11.6 Earth Magic


You had 11 spell levels left.
You knew the following spells:

 Your Spells              Type           Power        Failure   Level  Hunger
a - Sandblast             Erth           #####.       1%          1    None
b - Passwall              Tmut/Erth      ####......   1%          2    None
d - Lee's Rapid Deconstr  Erth           #####.....   2%          5    #####..
e - Petrify               Tmut/Erth      ####....     9%          4    ####...


Dungeon Overview and Level Annotations

Branches:
Dungeon (1/1)

Altars:
Cheibriados
Dithmenos
Elyvilon
Fedhas
Gozag
Hepliaklqana
Kikubaaqudgha
Makhleb
Nemelex Xobeh
Okawaru
Qazlal
Ru
Sif Muna
Trog
Uskayaw
Vehumet
Wu Jian
Xom
Yredelemnul
Zin
The Shining One
Jiyva
Lugonu

Shops:
D [[[


Innate Abilities, Weirdness & Mutations

You have a pair of small antennae on your head.
You are partially covered in slimy green scales. (AC +2)
A demonic guardian rushes to your aid.
You regenerate health from kills.


Message History

Casting: Passwall
Confirm with . or Enter, or press ? or * to list all spells.
Okay, then.
Casting: Passwall
Confirm with . or Enter, or press ? or * to list all spells.
Which direction?
Okay, then.
You see here a ring mail.
Casting: Passwall
Confirm with . or Enter, or press ? or * to list all spells.
Which direction?
Something is blocking your path through the rock.
Unknown command.
Casting: Passwall
Confirm with . or Enter, or press ? or * to list all spells.
Which direction?
You begin to meditate on the wall.
You continue meditating on the rock. x3
You finish merging with the rock.
Splash!
You fall into the shallow water.
Moving in this stuff is going to be slow.
Found 24 bolts and a scroll labeled BULAAWN PETIH. 2 centaur warriors come into view.
The centaur warrior shouts!
The centaur warrior hits you! The centaur warrior hits you.
The centaur warrior misses you.
You barely miss the centaur warrior. The centaur warrior hits you.
The centaur warrior barely misses you.
You hit the centaur warrior.
The centaur warrior looks slightly unstable.
The centaur warrior is lightly wounded.
The centaur warrior hits you!
* * * LOW HITPOINT WARNING * * *
The centaur warrior hits you!
* * * LOW HITPOINT WARNING * * *
The centaur warrior misses you.
You swap places.
You enter the shallow water.
Moving in this stuff is going to be slow.
The centaur warrior disappears!
The centaur warrior wields a shortbow.
The centaur warrior shoots an arrow.
The arrow hits your smoke demon!!
The centaur warrior shoots an arrow.
The arrow hits your smoke demon!
Really quaff
f - a potion of heal wounds {!q}?
You feel much better.
The centaur warrior shoots an arrow.
The arrow hits your smoke demon!!
Your smoke demon dies!
The centaur warrior shoots an arrow.
The arrow hits you!
* * * LOW HITPOINT WARNING * * *
You hear a splash.
The centaur warrior unwields an uncursed shortbow.
The centaur warrior hits you but does no damage.
You closely miss the centaur warrior. The centaur warrior hits you!
* * * LOW HITPOINT WARNING * * *
Really quaff
e - a potion of curing {!q}?
You feel better. The centaur warrior hits you.
* * * LOW HITPOINT WARNING * * *
The centaur warrior hits you!
* * * LOW HITPOINT WARNING * * *
Okay, then.
You hit the centaur warrior.
The centaur warrior is lightly wounded.
The centaur warrior blinks!
The centaur warrior wields an uncursed shortbow.
The centaur warrior shoots an arrow.
The arrow hits you!
You die...

###################
#.)'..#..'..#__#..+
[..#..').#.['..'..#
#####'#####'#__####{
####..#...#[####(§#
#__####..##.#§§§@§#
#_____##'#_.+≈§§§§+
#_.∩...'..._#§§§4c#
#_..__##_)#'##+####
#_____###'#.#...[###{
#########.####'###[##
.......'...+..†..'.∩#
++++####...##########
{ ##.##


You could see a centaur warrior and a friendly orange demon.

Vanquished Creatures
  Sonja (D)
  A slime creature (D)
  Sigmund (D)
  A yak (D)
  An ogre (D)
  A jelly (D)
  Ijyb (D)
7 creatures vanquished.

Vanquished Creatures (collateral kills)
  A deep troll (D)
1 creature vanquished.

Vanquished Creatures (others)
  A gargoyle (D)
1 creature vanquished.

Grand Total: 9 creatures vanquished

Notes
Turn   | Place    | Note
-------+----------+-------------------------------------------
     0 | D        | Amnesiac the Demonspawn Earth Elementalist began the quest for the Orb.
     0 | D        | Reached XP level 1. HP: 13/13 MP: 3/3
     1 | D        | Noticed Ijyb
    13 | D        | Killed Ijyb
    13 | D        | Reached skill level 5 in Earth Magic
    13 | D        | Gained mutation: You regenerate a little health from kills. [demonic ancestry]
    13 | D        | Reached XP level 2. HP: 19/19 MP: 0/6
    55 | D        | Noticed an ogre
    60 | D        | Killed an ogre
    60 | D        | Reached skill level 5 in Spellcasting
    60 | D        | Reached skill level 7 in Earth Magic
    60 | D        | Gained mutation: You have a pair of small antennae on your head. [demonic ancestry]
    60 | D        | Reached XP level 3. HP: 24/24 MP: 2/9
    60 | D        | Gained mutation: You regenerate health from kills. [demonic ancestry]
    60 | D        | Reached XP level 4. HP: 30/30 MP: 2/11
   132 | D        | Noticed Sigmund
   136 | D        | Killed Sigmund
   136 | D        | Reached skill level 9 in Earth Magic
   136 | D        | Gained mutation: You are partially covered in slimy green scales. (AC +2) [demonic ancestry]
   136 | D        | Reached XP level 5. HP: 35/35 MP: 8/14
   136 | D        | Gained mutation: A weak demonic guardian rushes to your aid. [demonic ancestry]
   136 | D        | Reached XP level 6. HP: 41/41 MP: 8/15
   140 | D        | Learned a level 2 spell: Passwall
   145 | D        | Learned a level 4 spell: Petrify
   151 | D        | Learned a level 5 spell: Lee's Rapid Deconstruction
   208 | D        | Found an ancient bone altar of Kikubaaqudgha.
   208 | D        | Found Huvywutt's Antique Armour Emporium.
   208 | D        | Found a basalt altar of Yredelemnul.
   208 | D        | Found a glowing golden altar of the Shining One.
   208 | D        | Found an iron altar of Okawaru.
   208 | D        | Found a bloodstained altar of Trog.
   208 | D        | Found a hide-covered altar of Uskayaw.
   208 | D        | Found a blossoming altar of Fedhas.
   208 | D        | Found a hazy altar of Hepliaklqana.
   208 | D        | Found a stormy altar of Qazlal.
   208 | D        | Found a shadowy altar of Dithmenos.
   208 | D        | Found a white marble altar of Elyvilon.
   208 | D        | Found a sacrificial altar of Ru.
   208 | D        | Found a glowing silver altar of Zin.
   208 | D        | Found a snail-covered altar of Cheibriados.
   208 | D        | Found an opulent altar of Gozag.
   208 | D        | Found a sparkling altar of Nemelex Xobeh.
   208 | D        | Noticed a yak
   210 | D        | Became a worshipper of Dithmenos the Shadowed
   215 | D        | Killed a yak
   215 | D        | Reached skill level 10 in Earth Magic
   220 | D        | Found a deep blue altar of Sif Muna.
   220 | D        | Found a radiant altar of Vehumet.
   220 | D        | Found an ornate altar of the Wu Jian Council.
   221 | D        | Reached skill level 11 in Earth Magic
   225 | D        | Killed a gargoyle
   327 | D        | Bought a shimmering buckler for 294 gold pieces
   340 | D        | Found a burning altar of Makhleb.
   340 | D        | Found a viscous altar of Jiyva.
   340 | D        | Found a shimmering altar of Xom.
   340 | D        | Found a corrupted altar of Lugonu.
   340 | D        | Noticed a slime creature
   344 | D        | Killed a slime creature
   344 | D        | Reached * piety under Dithmenos
   344 | D        | Reached XP level 7. HP: 46/46 MP: 13/18
   350 | D        | Identified the +0 buckler "Vodic" {-Cast rCorr Str+7 Dex-5} (You bought it in a shop in the Dungeon)
   399 | D        | Noticed Sonja
   407 | D        | Killed Sonja
   407 | D        | Reached skill level 10 in Stealth
   407 | D        | Gained mutation: A demonic guardian rushes to your aid. [demonic ancestry]
   407 | D        | Reached XP level 8. HP: 14/52 MP: 7/20
   645 | D        | Found Yduneixih's Antique Armour Boutique.
   679 | D        | Noticed a deep troll
   680 | D        | Killed a deep troll
   680 | D        | Reached skill level 5 in Short Blades
   706 | D        | Found Vawal's Armour Emporium.
   711 | D        | Bought the +1 pair of boots of Disguise {rN++} for 270 gold pieces
   747 | D        | Noticed a centaur warrior
   747 | D        | Noticed a centaur warrior
   755 | D        | Shot with an arrow by a centaur warrior

Vault maps used:
D:        dungeon_sprint_1

Skill      XL: |  1  2  3  4  5  6  7  8 |
---------------+-------------------------+-----
Spellcasting   | 3 5 6 8 |  8.0
Earth Magic    | 5 7 9 11 | 11.6
Stealth        | 4 10 | 10.3
Shields        | 3 |  3.7
Short Blades   | 5 |  5.0
Dodging        | |  1.7
Transmutations | |  0.8

Action                   |  1- 3 |  4- 6 |  7- 9 || total
-------------------------+-------+-------+-------++-------
Melee: Unarmed           |     8 |       |       ||     8
       Short sword       |       |       |     5 ||     5
Throw: Stone             |     1 |       |       ||     1
 Cast: Sandblast         |     6 |    13 |     5 ||    24
       Passwall          |       |     7 |     8 ||    15
       Petrify           |       |       |     2 ||     2
  Use: Potion            |     1 |       |     2 ||     3
 Stab: Sleeping          |       |       |     1 ||     1
Armor: Robe              |       |       |     2 ||     2
Dodge: Dodged            |     5 |     1 |     5 ||    11

Table legend:
 A = Spawn XP
 B = Non-spawn XP
 C = Spawn XP percentage of total XP
 D = Spawn monster count
 E = Non-spawn monster count
 F = Spawn count percentage of total count
 G = Total turns spent on level
                    A         B        C        D         E        F      G
               +---------+---------+-------+---------+---------+-------+---------
         Total |       0 |    2280 |   0.0 |       0 |       8 |   0.0 |   755
               +---------+---------+-------+---------+---------+-------+---------
             D |       0 |    2280 |   0.0 |       0 |       8 |   0.0 |   755
               +---------+---------+-------+---------+---------+-------+---------
